 Dungeon Crawl Stone Soup version 0.28-a0-1199-gef9e1dbd39 (webtiles) character file.

Game seed: 15034178698927602113

161 Essalna the Magician (level 5, -2/40 HPs)
             Began as a Djinni Venom Mage on Dec 19, 2021.
             Slain by Crazy Yiuf (8 damage)
             ... on level 2 of the Dungeon.
             The game lasted 00:04:40 (3194 turns).

Essalna the Magician (Djinni Venom Mage)            Turns: 3194, Time: 00:04:40

Health: -2/40      AC:  2    Str:  7    XL:     5   Next: 70%
Gold:   60         EV:  6    Int: 18    God:
                   SH:  0    Dex: 14

rFire   + + .      SeeInvis .   b - +0 spear
rCold   x . .      Faith    .   (no shield)
rNeg    . . .      Spirit   .   a - +0 robe
rPois   ∞          Reflect  .   (no helmet)
rElec   .          Harm     .   (no cloak)
rCorr   .          Rampage  .   (no gloves)
Will    .....                   (boots unavailable)
Stlth   ++........              (no amulet)
HPRegen 0.13/turn               (no ring)
MPRegen 0.00/turn               (no ring)

@: mighty, petrifying (expiring), flying, very slow
A: sickness immunity, fire resistance 2, cold vulnerability 1, float, innate
caster, hp casting, extra vitality 1
a: no special abilities


You were on level 2 of the Dungeon.
You visited 1 branch of the dungeon, and saw 2 of its levels.

You collected 60 gold pieces.

Inventory:

Hand Weapons
 b - a +0 spear (weapon)
Armour
 a - a +0 robe (worn)
Magical Staves
 j - a staff of cold
Scrolls
 c - 2 scrolls of identify {unknown}
 e - a scroll of noise {unknown}
 g - a scroll of enchant armour {unknown}
 h - a scroll of fog {unknown}
 i - a scroll of immolation {unknown}
Potions
 d - a potion of curing
 f - 2 potions of lignification {unknown}


   Skills:
 + Level 3.3 Fighting
 - Level 2.1 Dodging
 - Level 1.5 Stealth
 + Level 3.6 Spellcasting


You couldn't memorise any spells.
You knew the following spells:

 Your Spells              Type           Power      Damage    Failure   Level
a - Sting                 Tmut/Pois      64%        1d6       3%          1
b - Poisonous Vapours     Pois/Air       32%        N/A       4%          2
c - Mephitic Cloud        Conj/Pois/Air  16%        N/A       10%         3
d - Olgreb's Toxic Radia  Pois           16%        N/A       32%         4
e - Beastly Appendage     Tmut           32%        N/A       3%          1
f - Call Imp              Summ           16%        N/A       4%          2
Your spell library was empty.

Dungeon Overview and Level Annotations

Branches:
Dungeon (2/15)

Altars:
Okawaru

Annotations:
D:2 Crazy Yiuf


Innate Abilities, Weirdness & Mutations

You are immune to sickness and miasma.
You are immune to poison.
Your flesh is very heat resistant. (rF++)
You are vulnerable to cold. (rC-)
You float through the air rather than walking.
You learn spells naturally, not from books.
Your magical power is your life essence.
You have superior vitality. (+4 HP)


Message History

Key pressed, stopping explore.
Key pressed, stopping explore.
Key pressed, stopping explore.
Key pressed, stopping explore.
Could not explore, unopened runed door.
Could not explore, unopened runed door.
Could not explore, unopened runed door.
You reach down and open the door.
Crazy Yiuf shouts!
The sting misses Crazy Yiuf.
Crazy Yiuf drinks a potion.
Crazy Yiuf seems to speed up.
The sting misses Crazy Yiuf.
The sting misses Crazy Yiuf.
Crazy Yiuf hits you with a +2 quarterstaff of chaos!
You are slowing down.
Crazy Yiuf sings, "Trees, trees, trees, circus!"
Crazy Yiuf hits you with a +2 quarterstaff of chaos!
Casting: Sting (safe; 3% risk of failure)
Confirm with . or Enter, or press ? or * to list all spells.
Aiming: Sting (safe; 3% risk of failure)
Press: ? - help, Shift-Dir - straight line, f/p - Crazy Yiuf
Aim: Crazy Yiuf, wielding a +2 quarterstaff of chaos and wearing a +0 cloak (fast, 77% to hit)
The sting hits Crazy Yiuf.
Crazy Yiuf is poisoned.
Crazy Yiuf is lightly wounded.
Crazy Yiuf hits you with a +2 quarterstaff of chaos!
* * * LOW HITPOINT WARNING * * *
You feel very mighty all of a sudden.
Crazy Yiuf hits you with a +2 quarterstaff of chaos.
* * * LOW HITPOINT WARNING * * *
Your limbs are stiffening.
Casting: Sting (safe; 3% risk of failure)
Confirm with . or Enter, or press ? or * to list all spells.
Aiming: Sting (safe; 3% risk of failure)
Press: ? - help, Shift-Dir - straight line, f/p - Crazy Yiuf
Aim: Crazy Yiuf, wielding a +2 quarterstaff of chaos and wearing a +0 cloak (lightly wounded, fast, poisoned, 77% to hit)
The sting hits Crazy Yiuf.
Crazy Yiuf looks even sicker.
Crazy Yiuf is moderately wounded.
* * * LOW HITPOINT WARNING * * *
Crazy Yiuf hits you with a +2 quarterstaff of chaos!
You die...

#######
#####
......#
#)..#
#####.#
#...# #†#
... #.####
#g# #....###
♣@♣♣
####...#
♣♣.♣ #####
♣.♣♣ ♣♣.♣
#######
♣♣.♣♣
#.....#
############
♣♣...♣
#####.#
...........#
♣...♣♣ #.###
##########.#
#....#
#####...# ##
##.####....#
#.....#.#


You could see Crazy Yiuf (fast, very poisoned).

Vanquished Creatures
  Natasha (thrice) (D:2)
  4 adders (D:2)
  A dart slug (D:1)
  A worm (D:2)
  6 ball pythons
  7 endoplasms
  4 giant cockroaches (D:1)
  A goblin (D:1)
  3 hobgoblins (D:2)
  2 jackals (D:1)
  3 kobolds
  5 bats
  4 frilled lizards
  4 rats (D:1)
48 creatures vanquished.

Notes
Turn   | Place    | Note
-------+----------+-------------------------------------------
     0 | D:1      | Essalna the Djinni Venom Mage began the quest for the Orb.
     0 | D:1      | Reached XP level 1. HP: 15/15 MP: 0/0
   178 | D:1      | Reached XP level 2. HP: 5/22 MP: 0/0
   180 | D:1      | Reached skill level 1 in Fighting
   936 | D:1      | Reached XP level 3. HP: 27/27 MP: 0/0
   936 | D:1      | Learned a level 1 spell: Beastly Appendage
  1410 | D:2      | Found an iron altar of Okawaru.
  1681 | D:2      | Reached XP level 4. HP: 24/33 MP: 0/0
  1822 | D:2      | Noticed Natasha
  1830 | D:2      | Killed Natasha
  2207 | D:2      | Found a faded altar of an unknown god.
  2510 | D:2      | Found a runed translucent door.
  2511 | D:2      | Noticed Crazy Yiuf
  2550 | D:2      | Reached XP level 5. HP: 32/40 MP: 0/0
  2550 | D:2      | Learned a level 2 spell: Call Imp
  2642 | D:2      | Noticed Natasha
  2648 | D:2      | Killed Natasha
  2664 | D:2      | Noticed Natasha
  2676 | D:2      | Killed Natasha
  3194 | D:2      | Slain by Crazy Yiuf

Illustrated notes

Levels and vault maps discovered:
D:1:      dpeg_arrival_line_fractal, layout_basic
D:2:      layout_loops_ring, hellmonk_ecumenical_altar_slurped_away,
          basic_altar, uniq_crazy_yiuf_cottage, uniq_natasha

Skill      XL: |  1  2  3  4  5 |
---------------+----------------+-----
Fighting       | 1 2 3 |  3.3
Spellcasting   | 3 |  3.6
Dodging        | |  2.1
Stealth        | |  1.5

Action                   |  1- 3 |  4- 6 || total
-------------------------+-------+-------++-------
Melee: Spear             |    28 |    11 ||    39
       Unarmed           |     1 |       ||     1
 Cast: Sting             |    49 |    56 ||   105
 Stab: Sleeping          |     2 |     2 ||     4
Armor: Robe              |    12 |     4 ||    16
Dodge: Dodged            |    47 |    14 ||    61

Table legend: (Time is in decaauts)
 A = Elapsed time spent in this place.
 B = Non-inter-level travel time spent in this place.
 C = Inter-level travel time spent in this place.
 D = Time resting spent in this place.
 E = Time spent auto-exploring this place.
 F = Levels seen in this place.
 G = Mean time per level.
                   A        B        C        D        E       F      G
               +--------+--------+--------+--------+--------+-----+--------+
         Total |   3197 |   3145 |     52 |      0 |   2785 |   2 | 1598.5 |
       Dungeon |   3197 |   3145 |     52 |      0 |   2785 |   2 | 1598.5 |
               +--------+--------+--------+--------+--------+-----+--------+

Top non-repeatable levels by time:
     D:2: 1898 daAuts
     D:1: 1299 daAuts
